 Dungeon Crawl Stone Soup version 0.28-a0-1447-ga5a8893891 (webtiles) character file.

Game seed: 14683248093127812989

6742 oldriver the Fighter (level 11, -12/109 HPs)
             Began as a Formicid Chaos Knight on Jan 10, 2022.
             Was a Plaything of Xom.
             Mangled by a cane toad (15 damage)
             ... on level 1 of the Lair of Beasts.
             The game lasted 00:16:28 (12333 turns).

oldriver the Fighter (Formicid Chaos Knight)       Turns: 12333, Time: 00:16:31

Health: -12/109    AC: 24    Str: 24    XL:     11   Next: 24%
Magic:  20/20      EV: 10    Int: 10    God:    Xom [....*.]
Gold:   488        SH:  0    Dex:  8    Spells: 10/10 levels left

rFire   + + .      SeeInvis +   a - +1 hand axe (chaos)
rCold   + . .      Faith    .   (no shield)
rNeg    . . .      Spirit   .   j - +2 chain mail {rF+}
rPois   +          Reflect  .   (helmet unavailable)
rElec   .          Harm     .   o - +2 cloak of Charity {Rampage rF+ rC+ Str+3}
rCorr   .          Rampage  +   n - +0 pair of gloves
Will    +....                   C - +0 pair of boots
Stlth   ..........              (no amulet)
HPRegen 0.28/turn               p - +4 ring of protection
MPRegen 0.17/turn               q - ring of magical power

@: unable to read
A: permanent stasis, dig shafts and tunnels, antennae 3, four strong arms,
clumsy 1, dopey 1, poison resistance, robust 2, shaggy fur 1, no potion heal 1,
inability to read while threatened, devolution 1
a: Dig, Shaft Self, Renounce Religion


You were on level 1 of the Lair of Beasts.
You worshipped Xom.
You were a beloved toy of Xom.
You visited 2 branches of the dungeon, and saw 9 of its levels.

You collected 488 gold pieces.

Inventory:

Hand Weapons
 a - a +1 hand axe of chaos (weapon)
 d - a +3 flail
Missiles
 y - 3 throwing nets
Armour
 j - a +2 chain mail of fire resistance (worn)
 n - a +0 pair of gloves (worn)
 o - the +2 cloak of Charity (worn) {Rampage rF+ rC+ Str+3}
   (You found it on level 4 of the Dungeon)

   Str:       It affects your strength (+3).
   rF:        It protects you from fire.
   rC:        It protects you from cold.
   Rampage:   It bestows one free step when moving towards enemies.
 C - a +0 pair of boots (worn)
Jewellery
 p - a +4 ring of protection (left hand)
 q - a ring of magical power (right hand)
Wands
 m - a wand of acid (9)
 s - a wand of paralysis (3)
 t - a wand of polymorph (18)
 w - a wand of flame (7)
Scrolls
 c - 3 scrolls of noise
 e - a scroll of magic mapping
 r - a scroll of summoning
 v - a scroll of enchant weapon
 z - 2 scrolls of identify
 B - a scroll of amnesia
Potions
 b - a potion of brilliance
 f - 3 potions of degeneration
 h - a potion of resistance
 i - 2 potions of mutation
 k - a potion of attraction
 l - a potion of cancellation
 u - 2 potions of curing
 x - a potion of heal wounds
 A - a potion of lignification {unknown}


   Skills:
 + Level 10.2 Fighting
 - Level 2.0 Short Blades
 + Level 6.6 Axes
 + Level 9.9 Armour
 + Level 8.1 Dodging


You had 10 spell levels left.
You didn't know any spells.
Your spell library contained the following spells:

 Spells                   Type           Power      Damage    Failure   Level
 Magic Dart               Conj           0%         1d3       90%         1
 Shock                    Conj/Air       0%         1d3       90%         1
 Searing Ray              Conj           0%         2d4       97%         2
 Frozen Ramparts          Ice            0%         1d2       99%         3
 Stone Arrow              Conj/Erth      0%         3d7       99%         3
 Airstrike                Air            0%         N/A       100%        4
 Fulminant Prism          Conj/Hex       0%         3d6       100%        4
 Ice Form                 Ice/Tmut       0%         N/A       100%        4
 Iskenderun's Mystic Bla  Conj/Tloc      0%         2d3       100%        4
 Summon Ice Beast         Ice/Summ       0%         N/A       100%        4
 Summon Lightning Spire   Summ/Air       0%         N/A       100%        4
 Fireball                 Conj/Fire      0%         3d3       100%        5
 Iskenderun's Battlesphe  Conj           0%         2d6       100%        5
 Lee's Rapid Deconstruct  Erth           0%         3d5*      100%        5
 Conjure Ball Lightning   Conj/Air       0%         3x3d6     100%        6
 Summon Cactus Giant      Summ           0%         N/A       100%        6
 Orb of Destruction       Conj           0%         N/A       100%        7
 Storm Form               Tmut/Air       0%         N/A       100%        7
 Maxwell's Capacitive Co  Air            0%         ∞         100%        8
 Dragon's Call            Summ           0%         N/A       100%        9
 Swiftness                Air            Unusable   N/A       N/A         3

Dungeon Overview and Level Annotations

Branches:
Dungeon (8/15)             Temple (0/1) D:4            Lair (1/6) D:8

Altars:
Nemelex Xobeh
Uskayaw
Xom

Annotations:
D:6 2 runed translucent doors, bearlyready's ghost, novice DjFE
D:7 3 runed translucent doors, hgbash's ghost, novice DrCj


Innate Abilities, Weirdness & Mutations

You cannot be hasted, slowed, berserked, paralysed or teleported.
You can dig through walls and to a lower floor.
You have a pair of large antennae on your head. (SInv)
Your four strong arms can wield two-handed weapons with a shield.
You are clumsy. (Dex -2)
You are dopey. (Int -2)
Your system is resistant to poisons. (rPois)
You are very robust. (+20% HP)
You are covered in fur. (AC +1)
Potions are less effective at restoring your health.
You sometimes lose the ability to read scrolls when taking damage.
You have hidden genetic defects.


Message History

You hit the cane toad.
The cane toad is poisoned.
The cane toad is lightly wounded.
The cane toad closely misses you.
Your warg bites the cane toad.
Your warg misses the cane toad.
Your warg bites the cane toad but does no damage.
You closely miss the cane toad.
The cane toad is lightly wounded.
The cane toad barely misses you.
Your warg barely misses the cane toad.
The cane toad stings you!
You barely miss the cane toad.
The cane toad is lightly wounded.
Your warg barely misses the cane toad.
The cane toad stings you but does no damage.
You closely miss the cane toad.
The cane toad is lightly wounded.
Your warg bites the cane toad!
The cane toad stings you!
You feel threatened and lose the ability to read scrolls!
You hit the cane toad.
The cane toad is heavily wounded.
Your warg misses the cane toad.
The cane toad stings you but does no damage.
Your warg barely misses the cane toad.
You hit the cane toad.
The cane toad goes berserk!
The cane toad is severely wounded.
The cane toad stings you!
Your warg barely misses the cane toad.
The cane toad stings you but does no damage.
You closely miss the cane toad.
The cane toad is severely wounded.
The cane toad stings you!!
* * * LOW HITPOINT WARNING * * *
Your warg bites the cane toad but does no damage.
You hit the cane toad.
The cane toad seems to slow down.
The cane toad is severely wounded.
The cane toad stings you!
* * * LOW HITPOINT WARNING * * *
Your warg bites the cane toad but does no damage.
The cane toad stings you!
You die...
Xom guffaws!

##..........
...............
#...............
###....!...)......
.........._......
##...............
#................
#...†..^........
#....@F†........
#..).<†h.......#
....###.###.#P#.###
...# ### ### # .P..
... .#


You could see a cane toad (berserk, poisoned, slow, ally target) and a friendly
warg (summoned).

Vanquished Creatures
  Harold (D:8)
  A queen bee (D:7)
  Eustachio (D:5)
  4 yaks (Lair:1)
  3 steam dragons
  2 sky beasts
  2 ice beasts
  2 necrophages
  2 orc warriors
  An ogre (D:5)
  4 centaurs
  A kobold brigand (D:6)
  3 bullfrogs
  6 scorpions
  A water moccasin skeleton (D:4)
  10 killer bees (D:8)
  25 wights
  A howler monkey (D:7)
  A centaur zombie (D:7)
  3 centaur skeletons
  2 hounds
  3 orc priests
  A bullfrog skeleton (D:5)
  A gnoll shaman (D:4)
  4 iguanas
  9 orc wizards
  2 killer bee zombies
  A hound zombie (D:5)
  A howler monkey zombie (D:8)
  8 adders
  3 gnolls (D:4)
  A howler monkey skeleton (D:6)
  A shadow imp (D:5)
  An ufetubus (D:6)
  An adder skeleton (D:4)
  3 worms
  2 dart slugs (D:1)
  17 orcs
  4 ball pythons
  4 bats
  4 endoplasms
  3 giant cockroaches
  4 goblins
  8 hobgoblins
  9 kobolds
  6 quokkas
  3 frilled lizards
  6 rats
186 creatures vanquished.

Vanquished Creatures (collateral kills)
  2 yaks (Lair:1)
  A phantom (D:3)
  Blork the orc (D:5)
4 creatures vanquished.

Vanquished Creatures (others)
  A black bear (D:5)
  An orc (D:7)
  19 fungi (D:8)
  28 plants
  3 withered plants (D:7)
52 creatures vanquished.

Grand Total: 242 creatures vanquished

Notes
Turn   | Place    | Note
-------+----------+-------------------------------------------
     0 | D:1      | oldriver the Formicid Chaos Knight began the quest for the
                  | Orb.
     0 | D:1      | Reached XP level 1. HP: 18/18 MP: 1/1
    60 | D:1      | Reached skill level 1 in Dodging
   199 | D:1      | Reached XP level 2. HP: 21/24 MP: 2/2
   473 | D:1      | Found a faded altar of an unknown god.
   626 | D:1      | Reached XP level 3. HP: 27/30 MP: 3/3
   706 | D:1      | XOM: silly message
   725 | D:1      | XOM: silly message
   832 | D:1      | XOM: silly message
   866 | D:1      | XOM: cloud trail
   876 | D:1      | XOM: silly message
  1379 | D:2      | Reached skill level 4 in Fighting
  1379 | D:2      | Reached XP level 4. HP: 36/37 MP: 4/4
  2293 | D:2      | XOM: give mutations
  2293 | D:2      | Gained mutation: You are dopey. (Int -2) [Xom's mischief]
  2293 | D:2      | Gained mutation: You sometimes lose the ability to read
                  | scrolls when taking damage. [Xom's mischief]
  2449 | D:3      | Reached XP level 5. HP: 42/42 MP: 5/5
  2619 | D:3      | XOM: smoke on damage
  2871 | D:3      | XOM: summons 3 hostile demons
  2878 | D:3      | XOM: god gift: 19 arrows
  2887 | D:3      | XOM: butterfly on damage
  3215 | D:3      | XOM: give mutation
  3215 | D:3      | Gained mutation: You are weak. (Str -2) [Xom's mischief]
  3273 | D:4      | Identified the +2 cloak of Charity {Rampage rF+ rC+ Str+3}
  3456 | D:4      | XOM: noise
  3480 | D:4      | Reached skill level 1 in Short Blades
  3703 | D:3      | XOM: summons 3 hostile demons
  3781 | D:3      | XOM: summons 2 hostile demons
  4356 | D:4      | Noticed a phantom
  4381 | D:3      | XOM: swap monsters
  4385 | D:3      | Killed a phantom
  4386 | D:3      | Reached XP level 6. HP: 38/50 MP: 6/6
  4657 | D:4      | XOM: confuse monster(s)
  4659 | D:4      | XOM: divination: detect creatures
  4682 | D:4      | XOM is BORED!
  4829 | D:4      | XOM: draining
  4916 | D:4      | XOM: cloud trail
  4972 | D:4      | Found a staircase to the Ecumenical Temple.
  5013 | D:4      | Reached skill level 5 in Fighting
  5013 | D:4      | Reached XP level 7. HP: 43/51 MP: 7/7
  5155 | D:4      | XOM: scenery: 1 doors close
  5217 | D:5      | Entered Level 5 of the Dungeon
  5265 | D:5      | XOM: give mutation
  5265 | D:5      | Gained mutation: You are strong-willed. (Will+) [Xom's
                  | mischief]
  5334 | D:5      | XOM: enchant monster (good)
  5391 | D:5      | XOM: confuse monster(s)
  5402 | D:5      | Reached skill level 5 in Armour
  5774 | D:5      | Reached XP level 8. HP: 61/64 MP: 8/8
  5807 | D:5      | Reached skill level 6 in Fighting
  5842 | D:5      | Noticed Eustachio
  5853 | D:5      | XOM: enchant monster (good)
  5857 | D:5      | XOM: enchant monster (good)
  5871 | D:5      | Killed Eustachio
  5996 | D:5      | XOM: god gift: 44 gold pieces
  6039 | D:5      | XOM: summons friendly ufetubus
  6119 | D:5      | XOM: summons friendly white imp
  6398 | D:5      | Reached skill level 5 in Dodging
  6557 | D:5      | Reached skill level 7 in Fighting
  6665 | D:5      | Noticed Blork the orc
  6671 | D:5      | Killed Blork the orc
  6764 | D:5      | XOM: god gift: 34 gold pieces
  6772 | D:5      | XOM: scenery: 1 doors close
  6793 | D:5      | Identified the +7 dagger of Pupten {vorpal, rElec rC+ SInv}
  7107 | D:6      | Reached XP level 9. HP: 66/72 MP: 9/9
  7349 | D:6      | XOM: give mutations
  7349 | D:6      | Gained mutation: Your spells are a little harder to cast,
                  | but a little more powerful. [Xom's grace]
  7349 | D:6      | Gained mutation: You are robust. (+10% HP) [Xom's grace]
  7349 | D:6      | Gained mutation: Your system is resistant to poisons.
                  | (rPois) [Xom's grace]
  7349 | D:6      | Gained mutation: You are very robust. (+20% HP) [Xom's
                  | grace]
  7373 | D:6      | XOM: polymorph black bear -> sky beast
  7415 | D:6      | Found a hide-covered altar of Uskayaw.
  7581 | D:6      | Found a runed translucent door.
  7582 | D:6      | Noticed bearlyready's ghost (novice DjFE)
  7672 | D:6      | Found a runed translucent door.
  7850 | D:6      | XOM: scenery: create altars
  8088 | D:7      | XOM: confuse monster(s)
  8111 | D:7      | XOM: destruction
  8145 | D:7      | Reached skill level 8 in Fighting
  8308 | D:7      | XOM: cast spell 'Dispersal'
  8419 | D:7      | XOM: silly message
  8533 | D:7      | Reached skill level 5 in Axes
  8533 | D:7      | Reached XP level 10. HP: 72/98 MP: 10/10
  8831 | D:6      | XOM: give mutations
  8831 | D:6      | Lost mutation: You are strong-willed. (Will+) [Xom's
                  | mischief]
  8831 | D:6      | Lost mutation: Your spells are a little harder to cast, but
                  | a little more powerful. [Xom's mischief]
  8831 | D:6      | Gained mutation: Potions are less effective at restoring
                  | your health. [Xom's mischief]
  8879 | D:6      | XOM: stat loss: -1 Int (9/10)
  8981 | D:7      | XOM: confuse monster(s)
  8988 | D:7      | XOM: polymorph water moccasin -> hornet
  9001 | D:7      | XOM: polymorph hornet -> queen bee
  9168 | D:7      | XOM: blink monster(s)
  9438 | D:7      | Found a runed translucent gate.
  9452 | D:7      | Noticed a kobold demonologist
  9496 | D:7      | Found a runed translucent gate.
  9497 | D:7      | Found a runed translucent gate.
  9498 | D:7      | Noticed hgbash's ghost (novice DrCj)
  9513 | D:7      | XOM: stat loss: -1 Dex (9/10)
  9528 | D:7      | XOM: give mutations
  9528 | D:7      | Gained mutation: You have hidden genetic defects. [Xom's
                  | mischief]
  9528 | D:7      | Lost mutation: You are weak. (Str -2) [Xom's mischief]
  9697 | D:8      | XOM: enchant monster (bad)
  9706 | D:8      | Reached skill level 9 in Fighting
  9714 | D:8      | XOM: confuse monster(s)
 10143 | D:8      | XOM: fog
 10173 | D:8      | Gained mutation: You have terrible hidden genetic defects.
                  | [hidden defects]
 10183 | D:8      | Found a staircase to the Lair.
 10210 | D:8      | XOM: give mutations
 10210 | D:8      | Gained mutation: You are extremely robust. (+30% HP) [Xom's
                  | grace]
 10210 | D:8      | Gained mutation: You are covered in fur. (AC +1) [Xom's
                  | grace]
 10230 | D:8      | XOM: divination: magic mapping
 10372 | D:7      | XOM: summons 2 hostile shadow creatures
 10393 | D:7      | XOM: god gift: robe {god gift}
 10625 | D:7      | XOM: cleaving
 10673 | D:7      | XOM: summons 6 hostile demons
 10780 | D:8      | XOM: smoke on damage
 10861 | D:8      | XOM: god gift: scroll labelled HOOLU ZEVODDO {god gift}
 10921 | D:8      | Noticed Harold
 10924 | D:8      | XOM: potion effect (brilliance)
 10925 | D:8      | XOM: confuse monster(s)
 10944 | D:8      | Killed Harold
 10947 | D:8      | Lost mutation: You are extremely robust. (+30% HP) [hidden
                  | defects]
 10947 | D:8      | Lost mutation: You have terrible hidden genetic defects.
                  | [hidden defects expressed]
 11010 | D:7      | XOM: silly message
 11399 | D:8      | Got Micy's Volume of Dusty Companions
 11505 | D:8      | Found a sparkling altar of Nemelex Xobeh.
 11516 | D:8      | XOM: summons 3 friendly demons
 11520 | D:8      | Reached XP level 11. HP: 78/97 MP: 11/11
 11727 | D:8      | XOM: smoke on damage
 11745 | D:8      | XOM: cloud trail
 11760 | D:8      | Gained mutation: You are clumsy. (Dex -2) [hidden defects]
 12247 | Lair:1   | Entered Level 1 of the Lair of Beasts
 12249 | Lair:1   | XOM: scenery: create altars
 12257 | Lair:1   | Reached skill level 10 in Fighting
 12272 | Lair:1   | XOM: cast spell 'Call Canine Familiar'
 12333 | Lair:1   | HP: 3/109 [cane toad (15)]
 12333 | Lair:1   | Mangled by a cane toad

Illustrated notes

Levels and vault maps discovered:
D:1:      saegor_arrival_simple_a, layout_loops_ring,
          shapermc_ecumenical_altar_gd
D:2:      layout_loops_corners, minmay_fractal_squares_gapless_5
D:3:      layout_basic
D:4:      layout_basic, minmay_temple_entry_hall
D:5:      layout_layer_cave, eino_tiny_chamber, grunt_decor_cap,
          hangedman_decor_lopped, grunt_decor_clamped, serial_bayou_pond_b,
          uniq_eustachio, uniq_blork_the_orc
D:6:      layout_loops_ring, nicolae_overflow_crystal_walls,
          ebering_ghost_sewer_f, minivault_26
D:7:      layout_rooms, gammafunk_ghost_nasty_kobolds, serial_undead,
          serial_undead_e, serial_undead_c, serial_undead_e, serial_undead_d
D:8:      layout_rooms, nemelex_xobeh_ov_fountains_minmay,
          grunt_lair_entry_orc_guard_hut, uniq_harold
Lair:1:   layout_gridlike, basic_altar, serial_bayou_shore_a,
          lemuel_fruit_fields

Skill      XL: |  1  2  3  4  5  6  7  8  9 10 11 |
---------------+----------------------------------+-----
Dodging        | 1 2 3 4 5 6 7 8 |  8.1
Armour         | 3 4 5 6 8 9 |  9.9
Fighting       | 4 5 7 8 9 10 | 10.2
Short Blades   | 1 2 |  2.0
Axes           | 5 6 |  6.6

Action                   |  1- 3 |  4- 6 |  7- 9 | 10-12 || total
-------------------------+-------+-------+-------+-------++-------
Melee: Hand axe          |    90 |    33 |   369 |   357 ||   849
       Punch             |     1 |     3 |     6 |     8 ||    18
       Short sword       |       |   168 |       |       ||   168
  Use: Scroll            |       |       |    13 |     7 ||    20
 Stab: Confused          |       |       |     1 |     2 ||     3
       Paralysed         |       |       |     6 |     7 ||    13
       Petrifying        |       |       |       |     1 ||     1
Armor: Leather armour    |    38 |   126 |   110 |       ||   274
       Steam dragon scal |       |       |   105 |   144 ||   249
       Chain mail        |       |       |       |    37 ||    37
Dodge: Dodged            |    45 |   153 |   330 |   352 ||   880

Table legend: (Time is in decaauts)
 A = Elapsed time spent in this place.
 B = Non-inter-level travel time spent in this place.
 C = Inter-level travel time spent in this place.
 D = Time resting spent in this place.
 E = Time spent auto-exploring this place.
 F = Levels seen in this place.
 G = Mean time per level.
                   A        B        C        D        E       F      G
               +--------+--------+--------+--------+--------+-----+--------+
         Total |  12426 |  11880 |    546 |   2093 |   7514 |   9 | 1380.7 |
       Dungeon |  12341 |  11795 |    546 |   2093 |   7478 |   8 | 1542.6 |
          Lair |     85 |     85 |      0 |      0 |     36 |   1 |   85.0 |
               +--------+--------+--------+--------+--------+-----+--------+

Top non-repeatable levels by time:
     D:7: 2298 daAuts
     D:3: 2019 daAuts
     D:5: 1955 daAuts
     D:8: 1682 daAuts
     D:2: 1407 daAuts
     D:6: 1112 daAuts
     D:4: 949 daAuts
     D:1: 916 daAuts
  Lair:1: 85 daAuts
